 Dungeon Crawl Stone Soup version 0.29-a0-330-g52719c12eb (webtiles) character file.

Game seed: 11591064312792810872

6271 kae the Arsonist (level 10, -4/84 HPs)
             Began as a Demigod Fire Elementalist on Apr 18, 2022.
             Slain by a scorpion (6 damage)
             ... summoned by Amaemon
             ... on level 8 of the Dungeon.
             The game lasted 00:08:26 (12760 turns).

kae the Arsonist (Demigod Fire Elementalist)       Turns: 12760, Time: 00:08:26

Health: -4/84      AC:  5    Str:  9    XL:     10   Next: 36%
Magic:  9/21       EV: 15    Int: 35    God:
Gold:   425        SH:  0    Dex: 14    Spells: 6/19 levels left

rFire   . . .      SeeInvis .   j - +2 dagger (freeze)
rCold   . . .      Faith    .   (no shield)
rNeg    . . .      Spirit   .   x - +0 steam dragon scales
rPois   .          Reflect  .   (no helmet)
rElec   .          Harm     .   (no cloak)
rCorr   .          Rampage  .   (no gloves)
Will    +....                   (no boots)
Stlth   ++........              m - amulet of the acrobat
HPRegen 0.24/turn               z - +6 ring of intelligence
MPRegen 0.17/turn               (no ring)

@: lethally poisoned (-4 -> -14)
A: high MP 1, forlorn, divine attributes
a: no special abilities


You were on level 8 of the Dungeon.
You visited 1 branch of the dungeon, and saw 9 of its levels.
You also visited: Sewer.

You collected 447 gold pieces.
You spent 22 gold pieces at shops.

Inventory:

Hand Weapons
 f - a +0 mace
 j - a +2 dagger of freezing (weapon)
Armour
 a - a +1 robe
 r - a +1 leather armour of fire resistance
 x - +0 steam dragon scales (worn)
Magical Staves
 g - a staff of cold
Jewellery
 m - an amulet of the acrobat (around neck)
 v - a +4 ring of evasion
 z - a +6 ring of intelligence (left hand)
Wands
 e - a wand of paralysis (11)
 n - a wand of digging (7)
 t - a wand of iceblast (7)
 y - a wand of flame (14)
Scrolls
 d - 2 scrolls of enchant armour
 k - 2 scrolls of amnesia
 l - 5 scrolls of identify
 q - 2 scrolls of enchant weapon
 s - 2 scrolls of holy word
 D - a scroll of teleportation
Potions
 h - 2 potions of mutation
 i - 2 potions of curing
 o - 2 potions of lignification
 p - 2 potions of resistance
 u - a potion of ambrosia
 w - a potion of haste
 A - a potion of might
 B - a potion of heal wounds
 C - a potion of berserk rage


   Skills:
 + Level 6.7 Fighting
 + Level 7.0 Dodging
 - Level 1.7 Stealth
 - Level 5.4 Spellcasting
 - Level 5.6 Conjurations
 - Level 8.5 Fire Magic


You had 6 spell levels left.
You knew the following spells:

 Your Spells              Type           Power      Damage    Failure   Level
a - Foxfire               Conj/Fire      100%       2x1d9     1%          1
b - Scorch                Fire           100%       2d10      1%          2
c - Conjure Flame         Conj/Fire      56%        6-21      1%          3
d - Inner Flame           Hex/Fire       39%        N/A       1%          3
e - Flame Wave            Conj/Fire      56%        2d11      2%          4

Your spell library contained the following spells:

 Spells                   Type           Power      Damage    Failure   Level
 Corpse Rot               Necr/Air       18%        N/A       6%          2
 Poisonous Vapours        Pois/Air       18%        N/A       6%          2
 Petrify                  Tmut/Erth      9%         N/A       36%         4
 Metabolic Englaciation   Hex/Ice        4%         N/A       73%         5
 Statue Form              Tmut/Erth      6%         N/A       99%         6


Dungeon Overview and Level Annotations

Branches:
Dungeon (9/15)             Temple (0/1) D:4             Orc (0/2) D:9
  Sewer (visited)
   Lair: D:8-11

Shops:
D:5 *

Annotations:
D:3 Terence
D:6 Maggie
D:8 Amaemon


Innate Abilities, Weirdness & Mutations

You have an increased reservoir of magic. (+10% MP)
You shall have no god before yourself.
Your divine heritage dramatically boosts your attributes as you level up.


Message History

You feel very sick.
The scorpion stings you but does no damage.
The scorpion barely misses you.
The scorpion stings you but does no damage.
The scorpion stings you.
* * * LOW HITPOINT WARNING * * *
The scorpion barely misses you. Amaemon closely misses you.
Amaemon barely misses you. Amaemon tail-slaps you.
* * * LOW HITPOINT WARNING * * *
You hit Amaemon but do no damage.
Amaemon is almost dead.
You feel very sick. The scorpion closely misses you.
The scorpion barely misses you.
The scorpion stings you but does no damage.
The scorpion stings you!
* * * LOW HITPOINT WARNING * * *
The scorpion misses you.
Amaemon points at the scorpion and mumbles some strange words.
The scorpion seems to grow toxic.
The scorpion closely misses you. The scorpion barely misses you. x2
Unknown command.
Okay, then.
Really quaff the potion of lignification? [Y]es or [N]o only, please.
Really quaff the potion of lignification? [Y]es or [N]o only, please.
Really quaff the potion of lignification? [Y]es or [N]o only, please.
Really quaff the potion of lignification?
Okay, then.
Unknown command.
You feel better.
The scorpion stings you but does no damage.
The scorpion stings you.
* * * LOW HITPOINT WARNING * * *
You are lethally poisoned!
The scorpion poisons you! Amaemon closely misses you. Amaemon claws you!
* * * LOW HITPOINT WARNING * * *
Amaemon closely misses you. The scorpion stings you.
You die...

......# #..)..(...#########
......# ####.#.)).........
......###..[....#############
.......(.[...B#...........#.#####
..............#...#######.#......
..............##..# #.#.#####
...######.......[s## #.#.# #
###### #######+#s.######.#.# #
.....# #...s@6s○......#.# #
.....# #...sss######..#.# #
.....# #....s.# #..#.# # .....#
####.#.######..#.##### .....#
#.#.##............. .....#
##.#.##.####...##### .....#
#....##.#..<...# .....#
#..####.#.#.#6.# ######## #..#
#.#.#.#..#


You could see Amaemon (combustible) and 8 scorpions.

Vanquished Creatures
  A boulder beetle (D:8)
  Pikel (D:6)
  Joseph (D:7)
  An orange demon (D:8)
  Psyche (D:8)
  Grinder (D:6)
  A wyvern (D:8)
  3 yaks (D:8)
  A steam dragon (D:7)
  Menkaure (D:4)
  3 vampire mosquitoes (D:9)
  A water moccasin (D:5)
  2 orc warriors (D:9)
  2 black bears
  2 centaurs (D:9)
  A lemure (D:6)
  2 phantoms (D:6)
  6 bullfrogs
  A necrophage (D:5)
  3 gnoll sergeants
  2 scorpions
  7 wights
  3 howler monkeys
  2 jellies
  2 hounds
  8 orc priests
  3 iguanas
  6 orc wizards
  A mummy (D:8)
  Robin (D:3)
  12 gnolls
  5 adders
  A shadow imp (D:6)
  A white imp (D:5)
  2 ufetubi
  A worm (D:3)
  33 orcs
  13 endoplasms
  16 giant cockroaches
  14 goblins
  9 hobgoblins
  11 quokkas
  16 ball pythons
  4 bats (D:1)
  7 frilled lizards
  A goblin zombie (D:8)
  A hobgoblin zombie (D:8)
  5 kobolds
  5 rats
227 creatures vanquished.

Vanquished Creatures (collateral kills)
  2 foxfires (D:2)
2 creatures vanquished.

Vanquished Creatures (others)
  757 foxfires
757 creatures vanquished.

Grand Total: 986 creatures vanquished

Notes
Turn   | Place    | Note
-------+----------+-------------------------------------------
     0 | D:1      | kae the Demigod Fire Elementalist began the quest for the
                  | Orb.
     0 | D:1      | Reached XP level 1. HP: 14/14 MP: 5/5
   208 | D:1      | Reached skill level 1 in Conjurations
   653 | D:1      | Reached skill level 3 in Fire Magic
   660 | D:1      | Reached XP level 2. HP: 19/20 MP: 5/7
  1431 | D:2      | Reached XP level 3. HP: 8/26 MP: 4/8
  1436 | D:2      | HP: 1/26 [poisoned by an adder]
  1989 | D:3      | Reached XP level 4. HP: 15/33 MP: 10/10
  1993 | D:3      | Reached skill level 4 in Fire Magic
  2042 | D:3      | Found a glowing drain.
  2058 | Sewer    | Entered a sewer
  2310 | Sewer    | Learned a level 2 spell: Scorch
  2314 | Sewer    | Learned a level 3 spell: Conjure Flame
  2482 | Sewer    | Reached XP level 5. HP: 38/38 MP: 8/11
  2757 | Sewer    | Reached XP level 6. HP: 16/45 MP: 9/13
  3012 | D:3      | Learned a level 3 spell: Inner Flame
  3074 | D:3      | Noticed Terence
  3163 | D:3      | Identified the -3 helmet "Utecaig" {rF+}
  3163 | D:3      | Noticed Robin
  3696 | D:3      | Killed Robin
  3697 | D:3      | Reached skill level 5 in Fire Magic
  4037 | D:4      | Noticed Menkaure
  4041 | D:4      | Killed Menkaure
  4488 | D:4      | Found a staircase to the Ecumenical Temple.
  4643 | D:4      | Reached XP level 7. HP: 50/50 MP: 8/15
  4864 | D:5      | Entered Level 5 of the Dungeon
  5289 | D:5      | Reached skill level 6 in Fire Magic
  5535 | D:5      | Learned a level 4 spell: Flame Wave
  6627 | D:5      | Found Urauhiush's General Store.
  6635 | D:5      | Bought a scroll of identify for 22 gold pieces
  7042 | D:6      | Noticed Maggie
  7146 | D:6      | Reached XP level 8. HP: 55/57 MP: 13/18
  7213 | D:6      | Reached skill level 7 in Fire Magic
  7473 | D:6      | Noticed Pikel
  7490 | D:6      | Killed Pikel
  7491 | D:6      | Reached skill level 5 in Spellcasting
  7491 | D:6      | Reached skill level 5 in Conjurations
  7491 | D:6      | Reached skill level 8 in Fire Magic
  7986 | D:6      | Noticed Grinder
  7997 | D:6      | Killed Grinder
  8378 | D:7      | Reached XP level 9. HP: 62/62 MP: 12/20
  8552 | D:7      | Reached skill level 1 in Fighting
  8816 | D:7      | Noticed Joseph
  8838 | D:7      | Killed Joseph
  9318 | D:8      | Noticed a boulder beetle
  9553 | D:8      | HP: 3/71 [gnoll sergeant/stone (9)]
 10170 | D:9      | Reached skill level 5 in Dodging
 10496 | D:9      | Reached skill level 5 in Fighting
 10731 | D:9      | Found a staircase to the Orcish Mines.
 10838 | D:9      | Identified the +1 ring mail of the Demon Prince {+Inv
                  | rPois}
 10995 | D:8      | Reached XP level 10. HP: 81/81 MP: 18/21
 11165 | D:8      | Noticed Psyche
 11407 | D:8      | Noticed Amaemon
 11420 | D:8      | Killed Psyche
 11986 | D:8      | Killed a boulder beetle
 12760 | D:8      | HP: 2/84 [Amaemon/+2 demon whip of venom (7)]
 12760 | D:8      | Slain by a scorpion

Illustrated notes

Levels and vault maps discovered:
D:1:      co_arrival_random_square_maze, layout_rooms
D:2:      layout_basic, ebering_ecumenical_altar_petrified
D:3:      layout_loops_cross, nicolae_ru_awakened_eye,
          cheibrodos_sewer_entry_drain, uniq_terence, uniq_robin
D:4:      layout_basic, minmay_temple_entry_glassed_door, uniq_menkaure
D:5:      layout_layer_cave, serial_shops, nicolae_shop_waterfront
D:6:      layout_gridville, dk_noncrumbling_3, kennysheep_potato, uniq_pikel,
          uniq_maggie, uniq_grinder
D:7:      nicolae_cairo_tiling, layout_rooms, mainiacjoe_overflow_alcove_2,
          uniq_joseph
D:8:      layout_basic, marbit_many_paths, nicolae_ossuary_entry_giza,
          uniq_psyche, uniq_amaemon
D:9:      layout_rooms, david_orc_5, minivault_12

Skill      XL: |  1  2  3  4  5  6  7  8  9 10 |
---------------+-------------------------------+-----
Conjurations   | 1 2 3 4 5 |  5.6
Fire Magic     | 3 4 5 6 8 |  8.5
Spellcasting   | 2 3 4 5 |  5.4
Fighting       | 5 6 |  6.7
Dodging        | 5 7 |  7.0
Stealth        | |  1.7

Action                   |  1- 3 |  4- 6 |  7- 9 | 10-12 || total
-------------------------+-------+-------+-------+-------++-------
Melee: Mace              |     5 |       |       |       ||     5
       Unarmed           |     5 |       |       |       ||     5
       Dagger            |    20 |     2 |     3 |     9 ||    34
 Cast: Foxfire           |    48 |   135 |   196 |    55 ||   434
       Scorch            |       |     8 |    65 |    37 ||   110
       Flame Wave        |       |       |     2 |     2 ||     4
       Conjure Flame     |       |       |     4 |     8 ||    12
       Inner Flame       |       |       |     1 |       ||     1
  Use: Scroll            |     9 |     5 |     7 |     3 ||    24
       Potion            |     2 |     2 |     2 |     2 ||     8
 Stab: Sleeping          |     3 |       |       |       ||     3
Armor: Robe              |    10 |     5 |       |       ||    15
       Leather armour    |       |     1 |    10 |       ||    11
       Skin              |       |       |    19 |     1 ||    20
       Steam dragon scal |       |       |     4 |     7 ||    11
Dodge: Dodged            |    28 |    13 |    98 |    72 ||   211

Table legend: (Time is in decaauts)
 A = Elapsed time spent in this place.
 B = Non-inter-level travel time spent in this place.
 C = Inter-level travel time spent in this place.
 D = Time resting spent in this place.
 E = Time spent auto-exploring this place.
 F = Levels seen in this place.
 G = Mean time per level.
                   A        B        C        D        E       F      G
               +--------+--------+--------+--------+--------+-----+--------+
         Total |  12824 |  12535 |    289 |   1532 |   8990 |  10 | 1282.4 |
       Dungeon |  11806 |  11517 |    289 |   1503 |   8206 |   9 | 1311.8 |
         Sewer |   1017 |   1017 |      0 |     29 |    784 |   1 | 1017.0 |
               +--------+--------+--------+--------+--------+-----+--------+

Top non-repeatable levels by time:
     D:8: 1933 daAuts
     D:5: 1808 daAuts
     D:7: 1724 daAuts
     D:4: 1395 daAuts
     D:6: 1336 daAuts
     D:1: 1105 daAuts
   Sewer: 1017 daAuts
     D:3: 910 daAuts
     D:2: 843 daAuts
     D:9: 748 daAuts
